SAL
COLUMBIA FIREFLIES @ CHARLESTON RIVERDOGS
06/12/2098
 
TOP OF THE 1ST
Columbia Fireflies batting - Pitching for Charleston RiverDogs : RHP Joe Coffey
Pitching: RHP Joe Coffey
Batting: LHB Wilson Gonzalez 0-0: Ball
1-0: Ball
2-0: Ball
3-0: Called Strike
3-1: Base on Balls
Batting: LHB Jake Guzzo 0-0: Ball
Wilson Gonzalez steals 2nd base
1-0: Ball
2-0: Ball
3-0: Called Strike
3-1: Base on Balls
Batting: LHB Victor Vargas 0-0: Ball
1-0: Ball
2-0: Ball
3-0: Base on Balls
Wilson Gonzalez to third
Jake Guzzo to second
Batting: RHB Chad Ammerman 0-0: Ball
1-0: Called Strike
1-1: Ball
2-1: Ball
3-1: Base on Balls
Wilson Gonzalez scores
Jake Guzzo to third
Victor Vargas to second
Batting: RHB Joel Lawrence 0-0: Ball
1-0: Called Strike
1-1: SINGLE (Line Drive, 9S, EV 102.5 MPH)
Jake Guzzo scores
Victor Vargas to third
Chad Ammerman to second
Pitching: RHP Jesus Ferrer
Batting: LHB Fernando Turcios 0-0: Ground out U3 (Groundball, 34S, EV 73.1 MPH)
Victor Vargas scores
Chad Ammerman to third
Joel Lawrence to second
Batting: RHB John Pennell 0-0: Swinging Strike
0-1: Foul Ball, location: 2F
0-2: Foul Ball, location: 2F
0-2: Ground out 3-1 (Groundball, 34S, EV 79.4 MPH)
Chad Ammerman scores
Joel Lawrence to third
Batting: RHB Steve Brooks 0-0: Ball
1-0: SINGLE (Line Drive, 6D, EV 100.0 MPH)
Joel Lawrence scores
Batting: RHB Francisco Marquez 0-0: Ball
1-0: Foul Ball, location: 9LSF
1-1: Swinging Strike
1-2: Ball
2-2: Foul Ball, location: 25FF
2-2: SINGLE (Groundball, 4MD, EV 95.0 MPH)
Steve Brooks to second
Runner from 2nd tries for 3rd, SAFE, no throw by CF
Batting: LHB Wilson Gonzalez 0-0: Reached on error, E4 (Groundball, 34, EV 103.8 MPH)
Steve Brooks scores
Francisco Marquez to second
Batting: LHB Jake Guzzo 0-0: Called Strike
0-1: Ground out U3 (Groundball, 34, EV 93.1 MPH)
Top of the 1st over - 6 runs, 3 hits, 1 error, 2 left on base; Columbia 6 - Charleston 0
BOTTOM OF THE 1ST
Charleston RiverDogs batting - Pitching for Columbia Fireflies : LHP Josh Carey
Pitching: LHP Josh Carey
Batting: RHB Jack Duval 0-0: Called Strike
0-1: Ball
1-1: Foul Ball, location: 2LF
1-2: Ball
2-2: Strikes out swinging
Batting: LHB Jim Unknown 0-0: Ball
1-0: Ball
2-0: Called Strike
2-1: SINGLE (Line Drive, 34D, EV 69.4 MPH)
Batting: LHB Joe Mitchell 0-0: Swinging Strike
0-1: SINGLE (Flyball, 56D, EV 95.6 MPH)
Jim Unknown to second
Batting: LHB Jerry Gonzalez 0-0: Ball
1-0: Grounds into double play, 1-6-3 (Groundball, 13S, EV 69.4 MPH)
Bottom of the 1st over - 0 runs, 2 hits, 0 errors, 1 left on base; Columbia 6 - Charleston 0
TOP OF THE 2ND
Columbia Fireflies batting - Pitching for Charleston RiverDogs : RHP Jesus Ferrer
Batting: LHB Victor Vargas 0-0: Called Strike
0-1: DOUBLE (Groundball, 3L, EV 100.0 MPH)
Batting: RHB Chad Ammerman 0-0: Called Strike
0-1: SINGLE (Flyball, 7S, EV 95.0 MPH)
Victor Vargas to third
Batting: RHB Joel Lawrence 0-0: Called Strike
Chad Ammerman steals 2nd base
0-1: Ball
1-1: Fly out, F4 (Line Drive, 4, EV 72.5 MPH)
Lined into DP, 4-6 (Line Drive, 4, EV 72.5 MPH)
Batting: LHB Fernando Turcios 0-0: Ball
1-0: Ball
2-0: Called Strike
2-1: Called Strike
2-2: Foul Ball, location: 3SF
2-2: Ball
3-2: Ground out 1-3 (Groundball, P, EV 65.0 MPH)
Top of the 2nd over - 0 runs, 2 hits, 0 errors, 1 left on base; Columbia 6 - Charleston 0
BOTTOM OF THE 2ND
Charleston RiverDogs batting - Pitching for Columbia Fireflies : LHP Josh Carey
Batting: SHB Abraham Morfin 0-0: Swinging Strike
0-1: Ball
1-1: Foul Ball, location: 9LMF
1-2: Ball
2-2: Fly out, F8 (Flyball, 8LM, EV 90.0 MPH)
Batting: RHB Brett Bresnahan 0-0: Called Strike
0-1: Ball
1-1: SINGLE (Line Drive, 78S, EV 97.5 MPH)
Batting: RHB Dave Woolard 0-0: Called Strike
0-1: SINGLE (Line Drive, 78S, EV 91.9 MPH)
Brett Bresnahan to second
Batting: RHB Cory Turner 0-0: Foul Ball, location: 9LMFF
0-1: Swinging Strike
0-2: Strikes out swinging
Batting: RHB Jorge Villalobos 0-0: Ball
1-0: Swinging Strike
1-1: Called Strike
1-2: Strikes out swinging
Bottom of the 2nd over - 0 runs, 2 hits, 0 errors, 2 left on base; Columbia 6 - Charleston 0
TOP OF THE 3RD
Columbia Fireflies batting - Pitching for Charleston RiverDogs : RHP Jesus Ferrer
Batting: RHB John Pennell 0-0: Ball
1-0: Ball
2-0: Ball
3-0: Foul Ball, location: 5FF
3-1: Foul Ball, location: 25F
3-2: Base on Balls
Batting: RHB Steve Brooks 0-0: Called Strike
0-1: Called Strike
0-2: Ball
1-2: Ball
2-2: Foul Ball, location: 2F
2-2: Fly out, F9 (Flyball, 89M, EV 80.6 MPH)
Batting: RHB Francisco Marquez 0-0: Called Strike
0-1: Called Strike
0-2: Ball
1-2: Foul Ball, location: 2F
1-2: Ball
2-2: Ball
3-2: Foul Ball, location: 2F
3-2: DOUBLE (Line Drive, 78D, EV 107.5 MPH)
John Pennell to third
Batting: LHB Wilson Gonzalez 0-0: Called Strike
0-1: Ball
1-1: Fly out, F8 (Flyball, 8LM, EV 79.4 MPH)
Runner from 3rd tags up, SCORES, throw by CF
Batting: LHB Jake Guzzo 0-0: Ball
1-0: Ball
2-0: Called Strike
2-1: SINGLE (Line Drive, 6MD, EV 95.6 MPH)
Francisco Marquez to third
Runner from 3rd tries for Home, SAFE, throw by CF to home
Jake Guzzo to second
Batting: LHB Victor Vargas 0-0: Ball
1-0: Foul Ball, location: 5F
1-1: Ball
2-1: Ground out 1-3 (Groundball, 13S, EV 61.9 MPH)
Top of the 3rd over - 2 runs, 2 hits, 0 errors, 1 left on base; Columbia 8 - Charleston 0
BOTTOM OF THE 3RD
Charleston RiverDogs batting - Pitching for Columbia Fireflies : LHP Josh Carey
Batting: RHB Jack Duval 0-0: SINGLE (Line Drive, 6D, EV 95.6 MPH)
Batting: LHB Jim Unknown 0-0: Ball
Jack Duval steals 2nd base
1-0: Called Strike
1-1: Foul Ball, location: 9LDF
1-2: Ball
2-2: TRIPLE (Line Drive, 78XD, EV 104.4 MPH)
Jack Duval scores
Batting: LHB Joe Mitchell 0-0: Ball
1-0: Called Strike
1-1: Swinging Strike
1-2: Ball
2-2: Fly out, F6 (Popup, 6M, EV 72.5 MPH)
Batting: LHB Jerry Gonzalez 0-0: Foul Ball, location: 2F
0-1: Ball
1-1: Swinging Strike
1-2: Ball
2-2: Strikes out looking
Batting: SHB Abraham Morfin 0-0: Ball
1-0: 2-RUN HOME RUN (Flyball, 9D, EV 96.3 MPH), Distance : 386 ft
Batting: RHB Brett Bresnahan 0-0: Ball
1-0: Ball
2-0: Called Strike
2-1: Foul Ball, location: 3SF
2-2: Ground out 6-3 (Groundball, 6, EV 83.8 MPH)
Bottom of the 3rd over - 3 runs, 3 hits, 0 errors, 0 left on base; Columbia 8 - Charleston 3
TOP OF THE 4TH
Columbia Fireflies batting - Pitching for Charleston RiverDogs : RHP Jesus Ferrer
Batting: RHB Chad Ammerman 0-0: Ball
1-0: Called Strike
1-1: Fly out, F8 (Line Drive, 8LM, EV 88.8 MPH)
Batting: RHB Joel Lawrence 0-0: Foul Ball, location: 2F
0-1: Foul Ball, location: 25FF
0-2: Ball
1-2: Fly out, F9 (Line Drive, 89M, EV 88.8 MPH)
Batting: LHB Fernando Turcios 0-0: Foul Ball, location: 2F
0-1: Ball
1-1: Ball
2-1: Ball
3-1: SOLO HOME RUN (Flyball, 9D, EV 98.1 MPH), Distance : 373 ft
Batting: RHB John Pennell 0-0: Called Strike
0-1: Called Strike
0-2: Ball
1-2: Hit by Pitch
Batting: RHB Steve Brooks 0-0: Ball
1-0: Called Strike
1-1: Ball
2-1: Swinging Strike
2-2: Strikes out looking
Top of the 4th over - 1 run, 1 hit, 0 errors, 1 left on base; Columbia 9 - Charleston 3
BOTTOM OF THE 4TH
Charleston RiverDogs batting - Pitching for Columbia Fireflies : LHP Josh Carey
Batting: RHB Dave Woolard 0-0: SINGLE (Groundball, 56D, EV 101.3 MPH) (infield hit)
Batting: RHB Cory Turner 0-0: Grounds into double play, 5-4-3 (Groundball, 56S, EV 83.8 MPH)
Batting: RHB Jorge Villalobos 0-0: Foul Ball, location: 25F
0-1: Called Strike
0-2: Foul Ball, location: 7LDF
0-2: Strikes out swinging
Bottom of the 4th over - 0 runs, 1 hit, 0 errors, 0 left on base; Columbia 9 - Charleston 3
TOP OF THE 5TH
Columbia Fireflies batting - Pitching for Charleston RiverDogs : RHP Jesus Ferrer
Batting: RHB Francisco Marquez 0-0: Ball
1-0: SINGLE (Flyball, 89S, EV 88.1 MPH)
Batting: LHB Wilson Gonzalez 0-0: Ball
1-0: Fly out, F8 (Flyball, 8LS, EV 88.8 MPH)
Batting: LHB Jake Guzzo 0-0: Fielders Choice at 2nd, 1-6 (Groundball, 34S, EV 66.9 MPH)
Batting: LHB Victor Vargas 0-0: Ball
Jake Guzzo steals 2nd base
1-0: DOUBLE (Flyball, 8LXD, EV 98.8 MPH)
Jake Guzzo scores
Batting: RHB Chad Ammerman 0-0: Ball
1-0: Ground out 4-3 (Groundball, 4, EV 85.6 MPH)
Top of the 5th over - 1 run, 2 hits, 0 errors, 1 left on base; Columbia 10 - Charleston 3
BOTTOM OF THE 5TH
Charleston RiverDogs batting - Pitching for Columbia Fireflies : LHP Josh Carey
Batting: RHB Jack Duval 0-0: Foul Ball, location: 3FF
0-1: Called Strike
0-2: Ball
1-2: Foul Ball, location: 7LMF
1-2: Foul Ball, location: 2F
1-2: Ball
2-2: Strikes out swinging
Batting: LHB Jim Unknown 0-0: Foul Ball, location: 2F
0-1: Ball
1-1: Foul Ball, location: 2F
1-2: Ball
2-2: Strikes out swinging
Batting: LHB Joe Mitchell 0-0: Ball
1-0: Ball
2-0: Ball
3-0: Called Strike
3-1: Called Strike
3-2: Foul Ball, location: 5F
3-2: Fly out, F8 (Flyball, 8LD, EV 110.0 MPH)
Bottom of the 5th over - 0 runs, 0 hits, 0 errors, 0 left on base; Columbia 10 - Charleston 3
TOP OF THE 6TH
Columbia Fireflies batting - Pitching for Charleston RiverDogs : RHP Jesus Ferrer
Batting: RHB Joel Lawrence 0-0: Ball
1-0: Foul Ball, location: 2F
1-1: Ball
2-1: Called Strike
2-2: Ball
3-2: Base on Balls
Pitching: RHP Luis Reyes
Batting: LHB Fernando Turcios 0-0: Foul Ball, location: 3FF
0-1: Called Strike
0-2: Ball
1-2: Ball
2-2: Ball
3-2: Base on Balls
Joel Lawrence to second
Batting: RHB John Pennell 0-0: Ball
1-0: Ball
2-0: Called Strike
2-1: Called Strike
2-2: Ball
3-2: Base on Balls
Joel Lawrence to third
Fernando Turcios to second
Batting: RHB Steve Brooks 0-0: Foul Ball, location: 2LF
0-1: Called Strike
0-2: Ball
1-2: Ball
2-2: Foul Ball, location: 2F
2-2: Ball
3-2: Base on Balls
Joel Lawrence scores
Fernando Turcios to third
John Pennell to second
Batting: RHB Francisco Marquez 0-0: Foul Ball, location: 3F
0-1: Ball
1-1: SINGLE (Groundball, 4MD, EV 100.0 MPH)
Fernando Turcios scores
John Pennell to third
Steve Brooks to second
Batting: LHB Wilson Gonzalez 0-0: Ball
1-0: Fly out, F9 (Flyball, 89S, EV 95.0 MPH)
Batting: LHB Jake Guzzo 0-0: DOUBLE (Line Drive, 89D, EV 104.4 MPH)
John Pennell scores
Steve Brooks scores
Francisco Marquez to third
Throwing error, E8
Francisco Marquez scores
Jake Guzzo to third
Pitching: RHP Jim Unknown
Batting: LHB Victor Vargas 0-0: Ball
1-0: Called Strike
1-1: DOUBLE (Line Drive, 78M, EV 89.4 MPH)
Jake Guzzo scores
Batting: RHB Chad Ammerman 0-0: Ball
1-0: Ball
2-0: Called Strike
2-1: Ball
3-1: Swinging Strike
3-2: Ground out 4-3 (Groundball, 4, EV 103.8 MPH)
Victor Vargas to third
Batting: RHB Joel Lawrence 0-0: Ball
1-0: Ball
2-0: Called Strike
2-1: SINGLE (Line Drive, 34D, EV 99.4 MPH)
Victor Vargas scores
Batting: LHB Fernando Turcios 0-0: Foul Ball, location: 2F
0-1: Ball
1-1: Ground out 1-3 (Groundball, 13, EV 71.9 MPH)
Top of the 6th over - 7 runs, 4 hits, 1 error, 1 left on base; Columbia 17 - Charleston 3
BOTTOM OF THE 6TH
Charleston RiverDogs batting - Pitching for Columbia Fireflies : LHP Josh Carey
Batting: LHB Jerry Gonzalez 0-0: Foul Ball, location: 7LMF
0-1: Swinging Strike
0-2: Foul Ball, location: 2F
0-2: Strikes out looking
Batting: SHB Abraham Morfin 0-0: Ball
1-0: Ball
2-0: Called Strike
2-1: Ball
3-1: Called Strike
3-2: Fly out, F2 (Popup, 23F, EV 80.0 MPH)
Batting: RHB Brett Bresnahan 0-0: Ground out 6-3 (Groundball, 6, EV 88.8 MPH)
Bottom of the 6th over - 0 runs, 0 hits, 0 errors, 0 left on base; Columbia 17 - Charleston 3
TOP OF THE 7TH
Columbia Fireflies batting - Pitching for Charleston RiverDogs : RHP Jim Unknown
Batting: RHB John Pennell 0-0: Ball
1-0: Foul Ball, location: 9LMF
1-1: Foul Ball, location: 2F
1-2: Ball
2-2: Ball
3-2: Strikes out swinging
Batting: RHB Steve Brooks 0-0: Swinging Strike
0-1: Foul Ball, location: 2F
0-2: Strikes out swinging
Batting: RHB Francisco Marquez 0-0: Ball
1-0: Called Strike
1-1: Ball
2-1: Ground out 6-3 (Groundball, 6, EV 90.0 MPH)
Top of the 7th over - 0 runs, 0 hits, 0 errors, 0 left on base; Columbia 17 - Charleston 3
BOTTOM OF THE 7TH
Charleston RiverDogs batting - Pitching for Columbia Fireflies : LHP Josh Carey
Pinch Hitting: RHB Jim Unknown 0-0: Ball
1-0: Ground out 6-3 (Groundball, 6S, EV 72.5 MPH)
Batting: RHB Cory Turner 0-0: Ball
1-0: Called Strike
1-1: Ground out 5-3 (Groundball, 56, EV 85.6 MPH)
Batting: RHB Jorge Villalobos 0-0: Ball
1-0: Called Strike
1-1: Foul Ball, location: 7LMF
1-2: Strikes out looking
Bottom of the 7th over - 0 runs, 0 hits, 0 errors, 0 left on base; Columbia 17 - Charleston 3
TOP OF THE 8TH
Columbia Fireflies batting - Pitching for Charleston RiverDogs : RHP Jim Unknown
Now at 2B: Jack Duval
Now at SS: Jaime Bennett
Batting: LHB Wilson Gonzalez 0-0: Called Strike
0-1: Foul Ball, location: 2F
0-2: Foul Ball, location: 3F
0-2: Ball
1-2: Fly out, F9 (Flyball, 89M, EV 95.0 MPH)
Pinch Hitting: RHB Victor Hernandez 0-0: Ball
1-0: Ball
2-0: Ball
3-0: Called Strike
3-1: DOUBLE (Line Drive, 5D, EV 97.5 MPH)
Batting: LHB Victor Vargas 0-0: Foul Ball, location: 7LDF
0-1: Ball
1-1: Ball
2-1: 2-RUN HOME RUN (Flyball, 9D, EV 100.0 MPH), Distance : 375 ft
Batting: RHB Chad Ammerman 0-0: Called Strike
0-1: Ball
1-1: Foul Ball, location: 5SF
1-2: Ball
2-2: Ball
3-2: Fly out, F9 (Flyball, 89S, EV 79.4 MPH)
Batting: RHB Joel Lawrence 0-0: Called Strike
0-1: Ball
1-1: Ball
2-1: Ball
3-1: Base on Balls
Batting: LHB Fernando Turcios 0-0: Ball
1-0: Ball
2-0: Called Strike
2-1: Foul Ball, location: 7LSF
2-2: Strikes out swinging
Top of the 8th over - 2 runs, 2 hits, 0 errors, 1 left on base; Columbia 19 - Charleston 3
BOTTOM OF THE 8TH
Charleston RiverDogs batting - Pitching for Columbia Fireflies : LHP Josh Carey
Now at 1B: Victor Hernandez
Batting: RHB Jack Duval 0-0: Foul Ball, location: 7LDF
0-1: Ball
1-1: Called Strike
1-2: Strikes out looking
Batting: LHB Jim Unknown 0-0: Ball
1-0: Ball
2-0: Called Strike
2-1: Ball
3-1: Foul Ball, location: 5F
3-2: Base on Balls
Batting: LHB Joe Mitchell 0-0: Ball
1-0: Called Strike
1-1: Ball
2-1: Ball
3-1: Fly out, F3 (Popup, 3SF, EV 81.3 MPH)
Pitching: LHP Mike Knoblock
Batting: LHB Jerry Gonzalez 0-0: SINGLE (Groundball, 4D, EV 105.0 MPH)
Jim Unknown to second
Runner from 2nd tries for 3rd, OUT! 9-5
Bottom of the 8th over - 0 runs, 1 hit, 0 errors, 1 left on base; Columbia 19 - Charleston 3
TOP OF THE 9TH
Columbia Fireflies batting - Pitching for Charleston RiverDogs : RHP Jim Unknown
Pitching: RHP Jim Unknown
Batting: RHB John Pennell 0-0: Ball
1-0: Swinging Strike
1-1: Swinging Strike
1-2: Strikes out swinging
Batting: RHB Steve Brooks 0-0: Called Strike
0-1: Hit by Pitch
Batting: RHB Francisco Marquez 0-0: Foul Ball, location: 9LSF
0-1: SINGLE (Line Drive, 4MD, EV 98.1 MPH)
Steve Brooks to second
Batting: LHB Wilson Gonzalez 0-0: Ball
1-0: Called Strike
1-1: SINGLE (Flyball, 6D, EV 100.0 MPH)
Steve Brooks to third
Francisco Marquez to second
Batting: RHB Victor Hernandez 0-0: Ball
1-0: Ball
2-0: Called Strike
2-1: Ball
3-1: Base on Balls
Steve Brooks scores
Francisco Marquez to third
Wilson Gonzalez to second
Batting: LHB Victor Vargas 0-0: Ball
1-0: Grounds into fielders choice 3-2 (Groundball, 3S, EV 72.5 MPH)
Wilson Gonzalez to third
Victor Hernandez to second
Batting: RHB Chad Ammerman 0-0: Fly out, F9 (Flyball, 9, EV 90.0 MPH)
Top of the 9th over - 1 run, 2 hits, 0 errors, 3 left on base; Columbia 20 - Charleston 3
BOTTOM OF THE 9TH
Charleston RiverDogs batting - Pitching for Columbia Fireflies : LHP Mike Knoblock
Batting: SHB Abraham Morfin 0-0: Called Strike
0-1: Foul Ball, location: 9LMF
0-2: Strikes out looking
Pinch Hitting: LHB Jim Unknown 0-0: Called Strike
0-1: Ball
1-1: Ball
2-1: Foul Ball, location: 25FF
2-2: Ball
3-2: Strikes out swinging
Batting: SHB Jaime Bennett 0-0: Called Strike
0-1: Ball
1-1: Called Strike
1-2: Strikes out swinging
Bottom of the 9th over - 0 runs, 0 hits, 0 errors, 0 left on base; Columbia 20 - Charleston 3
Saturday, April 6th , 2024 - OOTP Baseball 24.11 Build 85